 Dungeon Crawl Stone Soup version 0.31-a0-246-g8cbcc1cb85 (webtiles) character file.

Game seed: 683990939344227897

65 qw the Shooter (level 4, 0/26 HPs)
             Began as a Gargoyle Hexslinger on July 12, 2023.
             Slain by an orc
             ... wielding a +0 hand axe
              (1 damage)
             ... on level 2 of the Dungeon.
             The game lasted 00:00:40 (1880 turns).

qw the Shooter (Gargoyle Hexslinger)                Turns: 1880, Time: 00:00:40

Health: 0/26       AC:  5    Str: 11    XL:     4   Next: 13%
Magic:  5/5        EV: 12    Int: 14    God:
Gold:   51         SH:  0    Dex: 14    Spells: 4/5 levels left

rFire   . . .        Y - +1 sling
rCold   . . .        (no shield)
rNeg    + . .        c - +0 robe
rPois   inf          (no helmet)
rElec   +            (no cloak)
rCorr   +            (no gloves)
SInv    .            (no boots)
Will    .....        (no amulet)
Stlth   +            i - ring of resist corrosion
HPRegen 0.24/turn    (no ring)
MPRegen 0.09/turn

%: no passive effects
@: slowed, very slow
A: sickness immunity, AC +3, negative energy resistance 1, electricity
resistance, torment resistance 1, petrification resistance
a: no special abilities


You were on level 2 of the Dungeon.
You visited 1 branch of the dungeon, and saw 3 of its levels.

You collected 51 gold pieces.


Innate Abilities, Weirdness & Mutations

You are immune to sickness and miasma.
Your stone body is resilient. (AC +3)
You are immune to poison.
You resist negative energy. (rN+)
You are resistant to electric shocks. (rElec)
You are resistant to unholy torment.
You are immune to petrification.


   Skills:
 - Level 2.0 Fighting
 + Level 4.0 Ranged Weapons
 - Level 1.5 Dodging
 - Level 1.0 Spellcasting
 - Level 2.6 Hexes


You had 4 spell levels left.
You knew the following spells:

 Your Spells              Type           Power      Damage    Failure   Level
a - Slow                  Hex            32%        N/A       9%          1

Your spell library contained the following spells:

 Spells                   Type           Power      Damage    Failure   Level
 Inner Flame              Hex/Fire       4%         N/A       41%         3
 Portal Projectile        Hex/Tloc       8%         N/A       41%         3
 Cause Fear               Hex            4%         N/A       65%         4

Inventory:

Hand Weapons
 Y - a +1 sling (weapon)
Armour
 c - a +0 robe (worn)
Jewellery
 i - a ring of resist corrosion (left hand)
Scrolls
 a - 3 scrolls of identify
Potions
 b - a potion of mutation
 h - a potion of enlightenment

Dungeon Overview and Level Annotations

Branches:
Dungeon (3/15)

Altars:

Annotations:
D:2 Natasha


Message History

Enter note:
Enter note:
Enter note:
Enter note:
Enter note:
Enter note: You shoot a sling bullet.
The sling bullet hits Natasha.
Natasha is lightly wounded.
Natasha claws you but does no damage. The orc closely misses you.
The orc misses you. Natasha barely misses you.
You shoot a sling bullet. The sling bullet hits Natasha.
Natasha is moderately wounded.
The orc misses you. The orc barely misses you.
Natasha mumbles some strange words.
Natasha shimmers violently.
Natasha closely misses you.
You shoot a sling bullet.
The sling bullet hits Natasha but does no damage.
Natasha is moderately wounded.
The orc barely misses you. The orc hits you with a +0 hand axe.
Natasha casts a spell at you. The magic dart hits you.
You shoot a sling bullet.
The sling bullet hits Natasha but does no damage.
Natasha is moderately wounded.
The orc misses you. The orc barely misses you. Natasha closely misses you.
You shoot a sling bullet.
The sling bullet closely misses Natasha.
The orc closely misses you. The orc completely misses you.
Natasha casts a spell at you.
You feel yourself slow down. The orc closely misses you.
The orc hits you with a +0 hand axe.
You shoot a sling bullet. The sling bullet hits Natasha.
Natasha is moderately wounded.
Natasha completely misses you. The orc barely misses you. x2
Natasha claws you.
You shoot a sling bullet.
The sling bullet closely misses Natasha.
The orc hits you with a +0 hand axe.
You die...

#.###.# ##...## #........# #
......# ##.## #####.#### ###..##
#.# #.# # #...# #.# ##.######
###..## ##'## #........ ...#.#
##...## #..#####. ####.#
##.....## ##....# #. ##.##
##.....o.## ##..#..###.
##...####......@..####..........
#.......'.....o.h.'...........).
##...####.........####...#.#####
##.## ##.......## ##.##.# #.#
##.....## ####.# ##.#
##...###########.# #..######
##'## #.......#.# #.......# #.#
#.#####.#.#
#..####.####.####....##.#.#


You could see Natasha and 2 orcs.

Vanquished Creatures
  A gnoll (D:1)
  2 dart slugs (D:1)
  An orc (D:3)
  3 bats
  4 endoplasms
  3 goblins
  8 hobgoblins
  8 jackals (D:1)
  2 quokkas (D:2)
  4 ball pythons
  3 frilled lizards
  3 kobolds (D:1)
  A rat (D:2)
43 creatures vanquished.

Notes
Turn   | Place    | Note
-------+----------+-------------------------------------------
     0 | D:1      | qw the Gargoyle Hexslinger began the quest for the Orb.
     0 | D:1      | Reached XP level 1. HP: 12/12 MP: 2/2
     0 | D:1      | 0 ||| qw: Version: 0.3-a-52-g30416fa
     0 | D:1      | 0 ||| qw: Game counter: 6556
     0 | D:1      | 0 ||| qw: Melee chars always use a shield: true
     0 | D:1      | 0 ||| qw: God list: Okawaru
     0 | D:1      | 0 ||| qw: Allow faded altars: false
     0 | D:1      | 0 ||| qw: Do Orc after clearing Dungeon:15 true
     0 | D:1      | 0 ||| qw: Do second Lair branch before Depths: true
     0 | D:1      | 0 ||| qw: Lair rune preference: random
     0 | D:1      | 0 ||| qw: Goals: Normal
     0 | D:1      | 0 ||| PLANNING D:1-11
    43 | D:1      | Reached XP level 2. HP: 16/16 MP: 3/3
   144 | D:1      | Reached skill level 3 in Ranged Weapons
   222 | D:1      | Reached XP level 3. HP: 19/21 MP: 4/4
   566 | D:1      | 566 ||| FLEEEEING.
   894 | D:1      | 894 ||| DROPPING ring of magical power.
   895 | D:1      | 895 ||| UPGRADING to ring of resist corrosion.
   896 | D:1      | 896 ||| READING 4 scrolls labelled XECHEH FAY.
   897 | D:1      | 897 ||| READING scroll labelled LODDAU DYUBLEM.
   898 | D:1      | 898 ||| READING 3 scrolls of identify.
   898 | D:1      | 898 ||| IDENTIFYING murky red potion
   899 | D:1      | 899 ||| READING 2 scrolls of identify.
   899 | D:1      | 899 ||| IDENTIFYING metallic blue potion
   900 | D:1      | 900 ||| DROPPING scroll of poison.
   901 | D:1      | 901 ||| DROPPING potion of degeneration.
  1307 | D:2      | Reached XP level 4. HP: 23/26 MP: 5/5
  1842 | D:2      | 1842 ||| READING scroll labelled DEUDUI OBORHUMP.
  1843 | D:2      | 1843 ||| READING 4 scrolls of identify.
  1843 | D:2      | 1843 ||| IDENTIFYING viscous green potion
  1868 | D:3      | Noticed Natasha
  1870 | D:3      | Reached skill level 4 in Ranged Weapons
  1872 | D:3      | 1872 ||| STAIRDANCE
  1878 | D:2      | HP: 6/26 [orc/+0 hand axe (2)]
  1879 | D:2      | HP: 1/26 [Natasha (6)]
  1880 | D:2      | Slain by an orc

Levels and vault maps discovered:
D:1:      minmay_arrival_diagonal_passages, layout_loops_ring,
          nicolae_houndstooth_variations
D:2:      layout_loops_corners
D:3:      layout_rooms, tso_oasis_becter, nicolae_overflow_ecumenical_swirl,
          supply_closet_lemuel, uniq_natasha

Skill      XL: |  1  2  3  4 |
---------------+-------------+-----
Ranged Weapons | 3 4 |  4.0
Fighting       | 2 |  2.0
Dodging        | |  1.5
Spellcasting   | |  1.0
Hexes          | |  2.6

Action                     |  1- 3 |  4- 6 || total
---------------------------+-------+-------++-------
   Fire: Sling             |   128 |    23 ||   151
    Use: Scroll            |     4 |     2 ||     6
 Armour: Robe              |    21 |    10 ||    31
  Dodge: Dodged            |    56 |    21 ||    77

Table legend:
 A = Non-vault XP
 B = Vault XP
 C = Vault XP percentage of total XP
 D = Non-vault monster count
 E = Vault monster count
 F = Vault count percentage of total count
                 A         B        C        D         E       F
            +---------+---------+-------+---------+---------+-------
      Total |      93 |       0 |   0.0 |      43 |       0 |   0.0
            +---------+---------+-------+---------+---------+-------
        D:1 |      72 |       0 |   0.0 |      31 |       0 |   0.0
        D:2 |      18 |       0 |   0.0 |      11 |       0 |   0.0
        D:3 |       3 |       0 |   0.0 |       1 |       0 |   0.0
            +---------+---------+-------+---------+---------+-------
